 Dungeon Crawl Stone Soup version 0.27.1 (webtiles) character file.

Game seed: 9471837082841096138

707 FreshCat the Shield-Bearer (level 7, -2/43 HPs)
             Began as a Gargoyle Fighter on Aug 24, 2021.
             Was a Believer of Vehumet.
             Slain by a wight (5 damage)
             ... on level 5 of the Dungeon.
             The game lasted 00:18:37 (6478 turns).

FreshCat the Shield-Bearer (Gargoyle Fighter)       Turns: 6478, Time: 00:18:38

Health: -2/43      AC:  9    Str: 21    XL:     7   Next: 67%
Magic:  7/7        EV: 10    Int:  8    God:    Vehumet [**....]
Gold:   1008       SH: 10    Dex: 10    Spells: 5/6 levels left

rFire    . . .     SeeInvis .   d - +1 flail (protect)
rCold    . . .     Faith    .   c - +0 kite shield
rNeg     + . .     Spirit   .   o - +0 leather armour
rPois    ∞         Reflect  .   s - +0 helmet
rElec    +         Harm     .   (no cloak)
rCorr    .         Rampage  .   (no gloves)
Will     .....                  (no boots)
Stlth    +.........             (no amulet)
HPRegen  0.14/turn              (no ring)
MPRegen  0.10/turn              (no ring)

@: no status effects
A: sickness immunity, AC +4, negative energy resistance 1, electricity
resistance, torment resistance 1, petrification resistance
a: Renounce Religion


You were on level 5 of the Dungeon.
You worshipped Vehumet.
Vehumet was pleased with you.
You visited 1 branch of the dungeon, and saw 5 of its levels.

You collected 1008 gold pieces.

Inventory:

Hand Weapons
 a - a +0 flail
 d - a +1 flail of protection (weapon)
 g - a +1 whip
Missiles
 e - 50 stones
 h - 33 arrows
 j - 4 poisoned darts (quivered)
 n - a throwing net
 u - 5 boomerangs
Armour
 b - a +0 scale mail
 c - a +0 kite shield (worn)
 o - a +0 leather armour (worn)
 s - a +0 helmet (worn)
Jewellery
 t - a ring of resist corrosion
Potions
 f - a potion of heal wounds {unknown}
 i - a potion of degeneration {unknown}
 k - 2 potions of magic
 l - a potion of brilliance {unknown}
 m - a potion of mutation {unknown}
 p - a potion of curing
 r - 2 potions of attraction


   Skills:
 + Level 4.1 Fighting
 + Level 4.2 Maces & Flails
 + Level 4.7 Armour
 + Level 2.1 Dodging
 + Level 1.1 Stealth
 + Level 5.1 Shields
 * Level 3.9 Earth Magic


You had 5 spell levels left.
You knew the following spells:

 Your Spells              Type           Power      Damage    Failure   Level
a - Sandblast             Erth           12%        2d6       36%         1

Your spell library contained the following spells:

 Spells                   Type           Power      Damage    Failure   Level
 Inner Flame              Hex/Fire       0%         N/A       99%         3
 Static Discharge         Conj/Air       0%         N/A       95%         2
 Dispel Undead            Necr           0%         3d6       100%        4
 Sticky Flame             Conj/Fire      0%         2d3       100%        4
 Fireball                 Conj/Fire      0%         3d3       100%        5
 Starburst                Conj/Fire      0%         6d3       100%        6
 Ignition                 Fire           0%         3d3       100%        8


Dungeon Overview and Level Annotations

Branches:
Dungeon (5/15)
 Temple: D:4-7

Altars:
Ashenzari
Nemelex Xobeh
Trog
Vehumet
Xom
Yredelemnul
The Shining One


Innate Abilities, Weirdness & Mutations

You are immune to sickness and miasma.
Your stone body is resilient. (AC +4)
You are immune to poison.
You resist negative energy. (rN+)
You are resistant to electric shocks. (rElec)
You are resistant to unholy torment.
You are immune to petrification.


Message History

A wight comes into view. It is wielding a +0 flail.
You block the adder's attack.
A wight comes into view. It is wielding a +0 falchion.
The water moccasin bites you but does no damage.
The wight hits you with a +0 war axe. The adder bites you but does no damage.
As you read the scroll of fear, it crumbles to dust.
You assume a fearsome visage.
The adder looks frightened!
The water moccasin looks frightened!
The wight is unaffected. x3
A wight comes into view. It is wielding a +0 battleaxe.
A wight comes into view. It is wielding a +3 trident.
You block the wight's attack. You block the wight's attack.
The wight hits you with a +0 war axe! The wight hits you with a +0 war axe.
An orc wizard comes into view. It is wielding a +0 dagger.
The orc wizard shouts!
An orc priest comes into view. It is wielding a +0 trident.
You block the wight's attack.
The orc wizard points at you and mumbles some strange words.
The magic dart hits you.
The water moccasin seems to regain its courage.
You block the wight's attack.
An orc wizard comes into view. It is wielding a +0 dagger.
The orc priest invokes the aid of Beogh against you.
Beogh smites you!
* * * LOW HITPOINT WARNING * * *
You feel better. You block the wight's attack. The wight closely misses you.
Okay, then.
As you read the scroll of fear, it crumbles to dust.
You assume a fearsome visage.
The orc wizard looks frightened! x2
The orc wizard shouts!
The orc priest looks frightened!
The water moccasin looks frightened!
The wight is unaffected. x5
The wight hits you from afar with a +3 trident!
* * * LOW HITPOINT WARNING * * *
The orc wizard mumbles some strange words.
The orc wizard flickers and vanishes!
Deactivating autopickup; reactivate with Ctrl-A.
The wight hits you but does no damage. The wight hits you with a +0 flail.
You die...

...... ........##
....o.....####
#......o...##.##
..#..#...#..........## .
#........S...........#
.#
##..#........{.z#..†##
.?##...#.........zz##..#
................@zz...##
....##...........#....#
.....#...........##...##
................####...#
#.....#...........#...##
#.....#..<......##..###
#................####
...................
.##...........##...#


You could see a water moccasin (fleeing), 5 wights, an orc priest (fleeing) and
an orc wizard (fleeing).

Vanquished Creatures
  An ogre (D:4)
  A howler monkey (D:5)
  4 crimson imps (D:3)
  A hound (D:4)
  A jelly (D:4)
  An orc priest (D:4)
  A centaur skeleton (D:3)
  3 iguanas
  7 gnolls
  8 adders
  A white imp (D:5)
  An adder skeleton (D:4)
  2 worms
  A dart slug (D:1)
  16 orcs
  7 ball pythons
  3 bats
  8 endoplasms
  3 giant cockroaches (D:1)
  3 goblins
  5 hobgoblins
  A jackal (D:3)
  5 kobolds
  5 quokkas
  3 frilled lizards
  3 rats
95 creatures vanquished.

Notes
Turn   | Place    | Note
-------+----------+-------------------------------------------
     0 | D:1      | FreshCat the Gargoyle Fighter began the quest for the Orb.
     0 | D:1      | Reached XP level 1. HP: 14/14 MP: 1/1
   503 | D:1      | Reached XP level 2. HP: 17/19 MP: 2/2
   552 | D:1      | Found a faded altar of an unknown god.
   566 | D:1      | Became a worshipper of Vehumet
   566 | D:1      | Reached * piety under Vehumet
   566 | D:1      | Offered knowledge of Sandblast by Vehumet.
   584 | D:1      | Learned a level 1 spell: Sandblast
  1193 | D:1      | Identified a scroll of acquirement
  1193 | D:1      | Acquired 808 gold pieces
  1256 | D:2      | Reached XP level 3. HP: 17/23 MP: 3/3
  1696 | D:2      | You fall into a shaft and drop 1 floor!
  1701 | D:3      | Found a broken altar of Ashenzari.
  1798 | D:3      | Reached XP level 4. HP: 12/28 MP: 4/4
  2067 | D:3      | Reached skill level 1 in Dodging
  2171 | D:3      | Reached ** piety under Vehumet
  2172 | D:3      | Reached skill level 1 in Earth Magic
  2213 | D:3      | Reached skill level 4 in Shields
  2218 | D:3      | Offered knowledge of Static Discharge by Vehumet.
  2523 | D:2      | Reached XP level 5. HP: 32/32 MP: 5/5
  3103 | D:3      | Found a shimmering altar of Xom.
  3221 | D:3      | Reached XP level 6. HP: 7/38 MP: 6/6
  4595 | D:5      | Entered Level 5 of the Dungeon
  4968 | D:4      | Found a bloodstained altar of Trog.
  4990 | D:4      | Offered knowledge of Inner Flame by Vehumet.
  5175 | D:4      | Found a glowing golden altar of the Shining One.
  5179 | D:4      | Found a sparkling altar of Nemelex Xobeh.
  5181 | D:4      | Found a basalt altar of Yredelemnul.
  5230 | D:4      | Reached XP level 7. HP: 9/42 MP: 7/7
  5725 | D:4      | Reached skill level 5 in Shields
  5838 | D:4      | Reached skill level 1 in Stealth
  6478 | D:5      | Slain by a wight

Illustrated notes

Levels and vault maps discovered:
D:1:      moated_graveyard_arrival, layout_basic,
          chequers_ecumenical_altar_simple
D:2:      layout_basic, kennysheep_cluttered_room
D:3:      layout_loops_corners, led_xom_imps, nicolae_ashenzari_panopticon,
          glass_columns_c, grunt_ministairs_6, st_stairs_4, eino_curves_02,
          serial_bayou_pond_d
D:4:      layout_loops_corners, grunt_temple_overflow_open
D:5:      layout_cave_pools, nzn_wu_jian_council_hall, gammafunk_ghost_smash

Skill      XL: |  1  2  3  4  5  6  7 |
---------------+----------------------+-----
Armour         | 4 |  4.7
Dodging        | 1 2 |  2.1
Earth Magic    | 1 2 3 |  3.9
Shields        | 4 5 |  5.1
Maces & Flails | 3 4 |  4.2
Fighting       | 4 |  4.1
Stealth        | 1 |  1.1

Action                   |  1- 3 |  4- 6 |  7- 9 || total
-------------------------+-------+-------+-------++-------
Melee: Flail             |    32 |       |    71 ||   103
       Whip              |   136 |   280 |    18 ||   434
Throw: Stone             |     3 |       |       ||     3
       Dart              |     4 |    58 |    24 ||    86
  Use: Scroll            |     2 |     4 |     6 ||    12
       Potion            |       |     3 |     1 ||     4
 Stab: Invisible         |       |     1 |       ||     1
Armor: Scale mail        |    69 |    31 |       ||   100
       Leather armour    |       |    98 |    43 ||   141
Dodge: Dodged            |    53 |   107 |    50 ||   210
Block: Kite shield       |    88 |   160 |    64 ||   312
